 Dungeon Crawl Stone Soup version 0.32-a0-314-g526f7d4993 (webtiles) character file.

Game seed: 13025313287929031094

64 zeratav the Trooper (level 4, -2/33 HPs)
             Began as an Octopode Shapeshifter on Feb 15, 2024.
             Slain by a gnoll
             ... wielding a +3 spear
              (9 damage)
             ... on level 2 of the Dungeon.
             The game lasted 00:01:18 (1186 turns).

zeratav the Trooper (Octopode Shapeshifter)         Turns: 1186, Time: 00:01:19

Health: -2/33      AC:  1    Str: 15    XL:     4   Next: 12%
Magic:  4/4        EV: 13    Int: 12    God:
Gold:   23         SH:  0    Dex: 11    Spells: 3/3 levels left

rFire   . .          .
                       - Unarmed
rCold   . . .        (no shield)
rNeg    . . .        (helmet currently unavailable)
rPois   .            (no amulet)
rElec   .            (no ring)
rCorr   .            (no ring)
SInv    .            (no ring)
Will    .....        (no ring)
Stlth   ++           (no ring)
HPRegen 0.25/turn    (no ring)
MPRegen 0.09/turn    (no ring)
                     (no ring)

%: no passive effects
@: beast-form
A: beast (slay +1), almost no armour, amphibious, 8 rings, camouflage 1,
gelatinous body 1, (nimble swimmer 1), tentacles
a: Begin Untransformation


You were on level 2 of the Dungeon.
You were a hulking beast.
You visited 1 branch of the dungeon, and saw 2 of its levels.

You collected 65 gold pieces.
You spent 42 gold pieces at shops.


Innate Abilities, Weirdness & Mutations

You are a hulking beast.
Your limbs bulge with bestial killing power. (Slay +1)
You cannot wear most types of armour.
You are amphibious.
You can wear up to eight rings at the same time.
Your skin changes colour to match your surroundings (Stealth+).
Your rubbery body absorbs attacks. (AC +1, EV +1)
((You are camouflaged when in or above water. (Stealth+)))
You have tentacles for arms and can constrict up to eight enemies at once.


   Skills:
 + Level 3.8 Fighting
 - Level 2.0 Dodging
 - Level 3.0 Unarmed Combat
 - Level 3.0 Shapeshifting


You had 3 spell levels left.
You didn't know any spells.
Your spell library was empty.

Inventory:

Talismans
 b - a beast talisman (active)
 c - a flux talisman
Scrolls
 d - 4 scrolls of teleportation {@r4}
 e - a scroll of fog {unknown}
 f - a scroll of identify {unknown}
 g - a scroll of blinking {unknown}
 h - a scroll of poison {unknown}
Potions
 a - a potion of lignification {!q}
 i - a potion of enlightenment {unknown}

Dungeon Overview and Level Annotations

Branches:
Dungeon (2/15) Zot: 10816

Altars:

Shops:
D:2

* #..##.#.#.#.#####
#...............#
##.####.##.####.# #
#S##.# #.# #g##.#
#.# #.##<# ##.##
#g##.###...##
#..#.##.###.##
#.####hß#.#.##
##.#####
.............#
#.....#
...##.ß.∩<ß..##
##.###.#
##.#......###.####.#
#..ß#####...####...
#...# #######.###
#.### ##...### #.
##.....## #.
##...^^..#


You could see a gnoll, an adder and a hobgoblin.


Message History

You take 1 damage, and now have 10/26 hp.
You tentacle-slap the ribbon worm. You squeeze the ribbon worm.
You kill the ribbon worm!
You see here a ribbon worm corpse.
HP[+1] Unknown command.
You start resting.
A ribbon worm is nearby!
HP[+1]
You see here a ribbon worm corpse.
HP[+1]
You start resting.
A ribbon worm is nearby!
HP[+4]
You regained 4 hp, and now have 17/26 hp.
You see here a ribbon worm corpse.
The ribbon worm misses you.
Things that are here:
a ribbon worm corpse; a ribbon worm corpse HP[+1]
The ribbon worm bites you.
* * * LOW HITPOINT WARNING * * *
HP[-5]
You take 5 damage, and now have 13/26 hp.
You barely miss the ribbon worm. You grab the ribbon worm.
You constrict the ribbon worm. You bludgeon the ribbon worm!
You constrict the ribbon worm. The ribbon worm bites you.
* * * LOW HITPOINT WARNING * * *
HP[-3]
You take 3 damage, and now have 10/26 hp.
You tentacle-slap the ribbon worm. You constrict the ribbon worm.
You kill the ribbon worm!
You see here a ribbon worm corpse.
HP[+1]
You start resting.
HP[+15]
Your hp is fully restored (26).
There is a shaft here.
A goblin comes into view. It is wielding a +0 club.
A goblin is nearby!
The helpless goblin fails to defend itself.
You tentacle-slap the goblin.
You kill the goblin!
No target in view!
No target in view!
No target in view!
No target in view!
No target in view!
No target in view!
No target in view!
No target in view!
No target in view!
No target in view!
No target in view!
No target in view!
No target in view!
No target in view!
No target in view!
No target in view!
Found an escape hatch in the ceiling.
i - a coppery potion
Found Sulor's General Store.
Found a stone staircase leading up.
There is an escape hatch in the ceiling here.
There is an entrance to Sulor's General Store here.
d - 4 scrolls of teleportation (gained 1) Thank you for shopping at Sulor's General Store!
A gnoll comes into view. It is wielding a +3 spear.
A gnoll is nearby!
A hobgoblin and 2 gnolls come into view.
The gnoll shouts!
You hear an angry hiss.
An adder comes into view.
A gnoll comes into view. It is wielding a +0 halberd.
The hobgoblin shouts!
You tentacle-slap the gnoll. Your grab misses the gnoll.
The gnoll hits you with a +0 whip!
HP[-8]
You take 8 damage, and now have 18/26 hp.
MASSIVE DAMAGE!! (PAUSE)
You tentacle-slap the gnoll. Your grab misses the gnoll.
Your squeeze misses the gnoll. The gnoll closely misses you.
You tentacle-slap the gnoll but do no damage.
Your grab misses the gnoll. You squeeze the gnoll.
The gnoll hits you with a +0 whip!
* * * LOW HITPOINT WARNING * * *
HP[-7]
You take 7 damage, and now have 11/26 hp.
MASSIVE DAMAGE!! (PAUSE)
You tentacle-slap the gnoll.
You kill the gnoll!
The gnoll hits you from afar with a +3 spear.
* * * LOW HITPOINT WARNING * * *
You have reached level 4!
HP[-5] MP[+1]
You now have 33 max hp (+7).
Your mp is fully restored (4).
HP[+1]
The gnoll attacks as it pursues you!
The gnoll hits you from afar with a +3 spear!
You die...

Skill      XL: |  1  2  3 |
---------------+----------+-----
Fighting       | 2 3 |  3.8
Dodging        | |  2.0
Unarmed Combat | |  3.0
Shapeshifting  | |  3.0

Action                     |  1- 3 |  4- 6 || total
---------------------------+-------+-------++-------
  Melee: Unarmed           |    54 |       ||    54
         Constrict         |    11 |       ||    11
         Tentacles         |    10 |       ||    10
         Punch             |     1 |       ||     1
   Stab: Sleeping          |     2 |       ||     2
 Armour: Skin              |    25 |     1 ||    26
  Dodge: Dodged            |    29 |       ||    29

Levels and vault maps discovered:
D:1:      beargit_arrival_diablo_church, layout_basic
D:2:      layout_loops_ring, serial_shops, nicolae_shop_statue_plus,
          eino_tiny_chamber, nicolae_wormholes

Notes
Turn   | Place    | Note
-------+----------+-------------------------------------------
     0 | D:1      | zeratav the Octopode Shapeshifter began the quest for the
                  | Orb.
     0 | D:1      | Reached XP level 1. HP: 13/13 MP: 1/1
     0 | D:1      | magus.rc [v1.9.6]
   147 | D:1      | Reached skill level 2 in Fighting
   147 | D:1      | Reached XP level 2. HP: 19/19 MP: 2/2
   360 | D:1      | Reached XP level 3. HP: 23/25 MP: 3/3
   396 | D:1      | Reached skill level 3 in Fighting
  1139 | D:2      | Found Sulor's General Store.
  1147 | D:2      | Bought a scroll of teleportation for 42 gold pieces
  1183 | D:2      | HP: 5/26 [gnoll/+3 spear (6)]
  1184 | D:2      | Reached XP level 4. HP: 6/33 MP: 4/4
  1186 | D:2      | Slain by a gnoll

Vanquished Creatures
  A gnoll (D:2)
  4 ribbon worms (D:2)
  A bat (D:1)
  A giant cockroach (D:1)
  A goblin (D:2)
  2 hobgoblins (D:1)
  2 jackals (D:1)
  2 quokkas
  2 ball pythons
  3 frilled lizards
  6 kobolds
  2 rats (D:1)
27 creatures vanquished.

Table legend:
 A = Non-vault XP
 B = Vault XP
 C = Vault XP percentage of total XP
 D = Non-vault monster count
 E = Vault monster count
 F = Vault count percentage of total count
                 A         B        C        D         E       F
            +---------+---------+-------+---------+---------+-------
      Total |      76 |      16 |  17.4 |      24 |       3 |  11.1
            +---------+---------+-------+---------+---------+-------
        D:1 |      42 |       0 |   0.0 |      17 |       0 |   0.0
        D:2 |      34 |      16 |  32.0 |       7 |       3 |  30.0
            +---------+---------+-------+---------+---------+-------

Skill      XL: |  1  2  3 |
---------------+----------+-----
Fighting       | 2 3 |  3.8
Dodging        | |  2.0
Unarmed Combat | |  3.0
Shapeshifting  | |  3.0

Action                     |  1- 3 |  4- 6 || total
---------------------------+-------+-------++-------
  Melee: Unarmed           |    54 |       ||    54
         Constrict         |    11 |       ||    11
         Tentacles         |    10 |       ||    10
         Punch             |     1 |       ||     1
   Stab: Sleeping          |     2 |       ||     2
 Armour: Skin              |    25 |     1 ||    26
  Dodge: Dodged            |    29 |       ||    29

Illustrated notes

Table legend:
 A = Kills in this place as a percentage of kills in the entire game.
 B = Kills by you in this place as a percentage of kills by you in the entire game.
 C = Kills by friends in this place as a percentage of kills by friends in the entire game.
 D = Other kills in this place as a percentage of other kills in the entire game.
 E = Experience gained in this place as a percentage of experience gained in the entire game.
 F = Experience gained in this place divided by the number of levels of this place that you have seen.
                   A       B       C       D       E      F
               +-------+-------+-------+-------+-------+----------------------
         Total | 100.0 | 100.0 |   N/A |   N/A | 100.0 |  46.0
       Dungeon | 100.0 | 100.0 |   N/A |   N/A | 100.0 |  46.0
               +-------+-------+-------+-------+-------+----------------------

Table legend: (Time is in decaauts)
 A = Elapsed time spent in this place.
 B = Non-inter-level travel time spent in this place.
 C = Inter-level travel time spent in this place.
 D = Time resting spent in this place.
 E = Time spent auto-exploring this place.
 F = Levels seen in this place.
 G = Mean time per level.
                   A        B        C        D        E       F      G
               +--------+--------+--------+--------+--------+-----+--------+
         Total |   1182 |   1175 |      7 |    121 |    884 |   2 |  591.0 |
       Dungeon |   1182 |   1175 |      7 |    121 |    884 |   2 |  591.0 |
               +--------+--------+--------+--------+--------+-----+--------+

Top non-repeatable levels by time:
     D:1: 707 daAuts
     D:2: 474 daAuts
